 Dungeon Crawl Stone Soup version 0.30.0-29-ga12c61a403 (webtiles) character file.

Game seed: 11182269658918283608

22 ChadusMaximus the Caller (level 2, -7/19 HPs)
             Began as a Barachi Summoner on June 23, 2023.
             Mangled by Sigmund
             ... wielding a +0 scythe
              (10 damage)
             ... on level 2 of the Dungeon.
             The game lasted 00:01:04 (1194 turns).

ChadusMaximus the Caller (Barachi Summoner)         Turns: 1194, Time: 00:01:05

Health: -7/19      AC:  2    Str:  9    XL:     2   Next: 91%
Magic:  5/5        EV: 12    Int: 15    God:
Gold:   82         SH:  0    Dex: 12    Spells: 5/6 levels left

rFire   . . .        e - +0 club
rCold   . . .        (no shield)
rNeg    . . .        a - +0 robe
rPois   .            (no helmet)
rElec   .            (no cloak)
rCorr   .            (no gloves)
SInv    .            (no boots)
Will    .....        (no amulet)
Stlth   ++           (no ring)
HPRegen 0.23/turn    (no ring)
MPRegen 0.09/turn

%: no passive effects
@: slow
A: amphibious, slowness 1, strong legs 1, +LOS
a: Hop


You were on level 2 of the Dungeon.
You visited 1 branch of the dungeon, and saw 2 of its levels.

You collected 82 gold pieces.

Inventory:

Hand Weapons
 e - a +0 club (weapon)
Armour
 a - a +0 robe (worn)
Scrolls
 c - 2 scrolls of identify {unknown}
 d - a scroll of poison {unknown}
 g - a scroll of teleportation {unknown}
 h - 2 scrolls of blinking {unknown}
 m - a scroll of vulnerability {unknown}
Potions
 b - a potion of magic
 f - a potion of flight {unknown}
 i - a potion of haste {unknown}
 j - a potion of brilliance {unknown}
 k - 2 potions of degeneration {unknown}
 l - a potion of curing {unknown}


   Skills:
 - Level 2.4 Dodging
 - Level 2.0 Stealth
 + Level 2.5 Spellcasting
 * Level 5.3 Summonings


You had 5 spell levels left.
You knew the following spells:

 Your Spells              Type           Power      Damage    Failure   Level
a - Summon Small Mammal   Summ           68%        N/A       2%          1

Your spell library contained the following spells:

 Spells                   Type           Power      Damage    Failure   Level
 Call Imp                 Summ           34%        N/A       3%          2
 Call Canine Familiar     Summ           17%        N/A       7%          3
 Summon Guardian Golem    Hex/Summ       9%         N/A       22%         3
 Summon Lightning Spire   Summ/Air       9%         N/A       56%         4


Dungeon Overview and Level Annotations

Branches:
Dungeon (2/15)

Altars:

Annotations:
D:2 Sigmund


Innate Abilities, Weirdness & Mutations

You are amphibious.
You cover ground slowly.
You can hop short distances.
You have an extended range of vision and can be seen from far away.


Message History

The bat is moderately wounded.
The bat hits you but does no damage.
A bat is nearby!
The bat hits you but does no damage.
A bat is nearby!
The bat closely misses you.
A bat is nearby!
A bat is nearby!
The bat barely misses you. x2
A bat is nearby!
You hit the bat.
You kill the bat!
m - a scroll labelled CEEMOA MYMEF No target in view!
Found an escape hatch in the ceiling.
No target in view!
A hobgoblin comes into view.
Sigmund the Dreaded comes into view.
He is wielding a +0 scythe.
There are monsters nearby!
Sigmund hits you from afar with a +0 scythe!
There are monsters nearby!
Sigmund hits you with a +0 scythe.
Unknown command.
Sigmund laughs darkly.
Sigmund gestures at you while chanting.
You are confused.
The hobgoblin barely misses you. The hobgoblin attacks as you move away!
The hobgoblin hits you. Sigmund closely misses you.
The hobgoblin barely misses you.
You bump into the rock wall.
The hobgoblin hits you.
Sigmund hits you from afar with a +0 scythe.
* * * LOW HITPOINT WARNING * * *
The hobgoblin hits you.
* * * LOW HITPOINT WARNING * * *
The hobgoblin attacks as you move away! The hobgoblin barely misses you.
Sigmund says, "Don't worry, I'll kill you fast."
You feel less confused.
Sigmund hits you from afar with a +0 scythe!
Ouch! That really hurt!
You die...

##############
######......##.
#.......######.
#.#####.# #. #.#
#.# #. ##.## #.#
#. ## ##...## #.#
##
##.###.#.#.###.#
#.#.#.#...#.##.#
#..#.@.@##<##....#
#....g.####.####
##.###.# #.## ...
...... ..##.
.#.#.## #.
#.....#.# # ###
### #


You could see Sigmund and a hobgoblin.

Vanquished Creatures
  3 bats
  A goblin (D:1)
  2 hobgoblins
  3 ball pythons (D:1)
  A rat (D:1)
10 creatures vanquished.

Vanquished Creatures (collateral kills)
  A ball python (D:1)
  3 endoplasms (D:1)
  A giant cockroach (D:2)
  A goblin (D:1)
  A hobgoblin (D:1)
  A bat (D:1)
  3 frilled lizards (D:1)
11 creatures vanquished.

Grand Total: 21 creatures vanquished

Notes
Turn   | Place    | Note
-------+----------+-------------------------------------------
     0 | D:1      | ChadusMaximus the Barachi Summoner began the quest for the
                  | Orb.
     0 | D:1      | Reached XP level 1. HP: 13/13 MP: 3/3
   327 | D:1      | Reached XP level 2. HP: 18/19 MP: 1/5
   328 | D:1      | Reached skill level 5 in Summonings
  1185 | D:2      | Noticed Sigmund
  1194 | D:2      | Mangled by Sigmund

Illustrated notes

Levels and vault maps discovered:
D:1:      minmay_arrival_five_plusses, layout_basic
D:2:      layout_loops_ring, uniq_robin, uniq_natasha, uniq_sigmund

Skill      XL: |  1  2 |
---------------+-------+-----
Stealth        | 2 |  2.0
Summonings     | 5 |  5.3
Dodging        | |  2.4
Spellcasting   | |  2.5

Action                     || total
---------------------------++-------
  Melee: Club              ||    80
         Punch             ||     1
   Cast: Summon Small Mamm ||    14
   Stab: Sleeping          ||     1
         Distracted        ||     1
 Armour: Robe              ||    31
  Dodge: Dodged            ||   104
